 Dungeon Crawl Stone Soup version 0.19-a0-1905-ge8b2aad (webtiles) character file.

7039 Psiweapon the Martial Artist (level 10, -1/136 HPs)
             Began as a Mottled Draconian Transmuter on Oct 20, 2016.
             Was an Elder of Cheibriados.
             Slain by a komodo dragon (8 damage)
             ... on level 1 of the Lair of Beasts on Oct 21, 2016.
             The game lasted 00:48:36 (9118 turns).

Psiweapon the Martial Artist (DrTm)                 Turns: 9118, Time: 00:48:37

Health: -1/136     AC: 25    Str: 24    XL:     10   Next: 83%
Magic:  2/15       EV:  2    Int: 24    God:    Cheibriados [****..]
Gold:   110        SH:  0    Dex: 30    Spells: 3 memorised, 3 levels left

rFire  . . .     SeeInvis .       - Unarmed
rCold  . . .     Gourm    .     (armour unavailable)
rNeg   + + +     Faith    .     (no shield)
rPois  +         Spirit   .     (helmet currently unavailable)
rElec  .         Reflect  .     (cloak currently unavailable)
rCorr  +         Harm     +     (gloves currently unavailable)
MR     .....     Rnd*Rage +     (boots currently unavailable)
Stlth  +++....... NoTele   +    k - amulet of harm
                                U - +6 ring of dexterity
                                e - ring of resist corrosion

@: tree-form, very slow
A: (breathe sticky flame splash), unfitting armour, berserk 1, clever 1,
deterioration 1, high mp 1, (electricity resistance), strong 1, evolution 1,
(cold-blooded), AC +7
a: Bend Time, Temporal Distortion, Slouch, Renounce Religion


You were on level 1 of the Lair of Beasts.
You worshipped Cheibriados.
Cheibriados was greatly pleased with you.
You were hungry.
You were a tree.
You visited 3 branches of the dungeon, and saw 11 of its levels.

You collected 342 gold pieces.
You spent 232 gold pieces at shops.

Inventory:

Hand Weapons
 b - a +0 hunting sling
 E - a +0 flail of holy wrath
Missiles
 a - 56 arrows
 g - 71 bolts
 i - 120 poisoned needles
 r - 71 sling bullets
 t - 12 tomahawks (quivered)
 L - a throwing net
Armour
 l - a cursed +0 large shield
 z - a +2 pair of boots (melded)
 I - a +0 large shield
 Q - a +0 pair of gloves (melded)
Magical Staves
 O - an uncursed staff of fire
Jewellery
 e - a ring of resist corrosion (left branch)
 k - an amulet of harm (around neck)
 U - a +6 ring of dexterity (right branch)
Wands
 x - a wand of iceblast (12/15)
 B - a wand of confusion (26/48)
Scrolls
 h - 4 scrolls of recharging
 v - 2 scrolls of fear {unknown}
 D - 5 scrolls of remove curse
 F - 3 scrolls of teleportation
 H - 2 scrolls of amnesia {unknown}
 N - a scroll of identify
 P - a scroll of summoning {unknown}
 T - a scroll of torment {unknown}
Potions
 d - 2 potions of flight
 f - 3 potions of berserk rage {unknown}
 j - 3 potions of lignification
 n - 2 potions of resistance
 s - a potion of invisibility
 w - 2 potions of magic
 G - a potion of might {unknown}
Comestibles
 c - 8 bread rations
 p - 3 meat rations
 A - 6 fruits
 C - 5 beef jerkies
 J - 8 slices of pizza
 R - a chunk of flesh


   Skills:
 + Level 9.3 Fighting
 - Level 1.5(1.7) Slings
 - Level 1.0(1.4) Throwing
 - Level 2.8 Dodging
 - Level 1.5 Stealth
 - Level 10.0 Unarmed Combat
 - Level 2.0 Spellcasting
 + Level 8.7 Transmutations
 + Level 1.8 Ice Magic
 + Level 5.1 Invocations
 - Level 0.8 Evocations


You had 3 spell levels left.
You knew the following spells:

 Your Spells              Type           Power        Failure   Level  Hunger
a - Beastly Appendage     Tmut           #####.       1%          1    #......
b - Ice Form              Ice/Tmut       ####....     17%         4    #####..
c - Blade Hands           Tmut           #####.....   12%         5    ######.


Dungeon Overview and Level Annotations

Branches:
Dungeon (9/15)             Temple (1/1) D:5            Lair (1/6) D:9
    Orc: D:9-12

Altars:
Ashenzari
Cheibriados
Dithmenos
Elyvilon
Fedhas
Gozag
Kikubaaqudgha
Makhleb
Nemelex Xobeh
Ru
Uskayaw
Vehumet
Xom
Zin
The Shining One

Shops:
D:5 *   D:6 *   D:7 =   D:9 =

Annotations:
D:9 exclusion: electric eel


Innate Abilities, Weirdness & Mutations

((You can spit globs of burning liquid.))
((You can ignite nearby creatures when you spit burning liquid.))
((Your weird mottled scales are hard. (AC +7)))
You cannot fit into any form of body armour.
((You are cold-blooded and may be slowed by cold attacks.))
You tend to lose your temper in combat.
Your mind is acute. (Int +2)
Your body sometimes deteriorates upon taking damage.
You have an increased reservoir of magic. (+10% MP)
((You are resistant to electric shocks. (rElec)))
Your muscles are strong. (Str +2)
You evolve.


Message History

* * * LOW HITPOINT WARNING * * *
The komodo dragon barely misses you.
You feel better. The komodo dragon bites you!
* * * LOW HITPOINT WARNING * * *
The komodo dragon closely misses you.
You warm up again.
Your +0 pair of gloves unmelds from your body.
Your +2 pair of boots unmelds from your body.
You turn into a tree.
Your +0 pair of gloves melds into your body.
Your +2 pair of boots melds into your body.
Your roots penetrate the ground.
The komodo dragon bites you but does no damage.
You smack the komodo dragon!
You punch the komodo dragon.
You kill the komodo dragon!
Cheibriados appreciates the change of pace.
You pummel the komodo dragon!!
The komodo dragon is almost dead.
The komodo dragon bites you!
You die...

#.######.########
..................
...#####...#######
... ##...### ...#
####..P#.#####
....##..#.........#
...#........#####..#
.......#P.#####P##
.#..##.####P...l♣#
## #.P##.P.P.†##
#.......##.#
#.P.##.###.)#
#.#..### ..##
...#..P# %.#
##..##..# ####
##.##.## #..###


You could see a komodo dragon.

Vanquished Creatures
  An elephant (D:9)
  5 komodo dragons (Lair:1)
  2 hippogriffs
  7 yaks
  4 hogs (D:7)
  A steam dragon (D:8)
  A human (D:7)
  Edmund (D:6)
  Menkaure (D:7)
  A porcupine (D:9)
  Duvessa (D:6)
  3 orc warriors
  2 ice beasts
  2 sky beasts
  A black bear (D:8)
  2 ogres
  A crocodile (D:9)
  4 bullfrogs
  Dowan (D:6)
  9 wights
  3 killer bees (D:8)
  2 crimson imps
  A centaur zombie (D:7)
  3 orc wizards
  6 hounds
  2 jellies
  4 orc priests
  Jessica (D:3)
  A centaur skeleton (D:4)
  4 iguanas
  4 worker ants
  A worker ant zombie (D:6)
  2 gnolls (D:4)
  7 adders
  A river rat (D:5)
  4 shadow imps
  An adder skeleton (D:5)
  3 worms
  3 dart slugs
  4 leopard geckos
  31 orcs
  2 ball pythons
  8 giant cockroaches
  11 hobgoblins
  12 jackals
  2 quokkas
  8 bats
  2 frilled lizards (D:4)
  10 goblins
  A jackal skeleton (D:5)
  A jackal zombie (D:6)
  12 kobolds
  2 leopard gecko skeletons (D:5)
  9 rats
218 creatures vanquished.

Vanquished Creatures (others)
  A fungus (D:9)
1 creature vanquished.

Grand Total: 219 creatures vanquished

Notes
Turn   | Place    | Note
-------+----------+-------------------------------------------
     0 | D:1      | Psiweapon the Draconian Transmuter began the quest for the Orb.
     0 | D:1      | Reached XP level 1. HP: 16/16 MP: 3/3
   141 | D:1      | Reached XP level 2. HP: 21/23 MP: 3/5
   311 | D:3      | Noticed Jessica
   885 | D:2      | Reached XP level 3. HP: 28/28 MP: 4/6
   961 | D:2      | Found an opulent altar of Gozag.
  1028 | D:2      | Reached skill level 4 in Unarmed Combat
  1313 | D:3      | Reached XP level 4. HP: 13/35 MP: 7/7
  2038 | D:3      | Killed Jessica
  2208 | D:3      | Found a burning altar of Makhleb.
  2545 | D:4      | Reached XP level 5. HP: 35/40 MP: 6/8
  2615 | D:3      | Gained mutation: You tend to lose your temper in combat. [potion of mutation]
  2615 | D:3      | Gained mutation: Your body sometimes deteriorates upon taking damage. [potion of mutation]
  2615 | D:3      | Gained mutation: You evolve. [potion of mutation]
  2754 | D:4      | Reached skill level 1 in Throwing
  2792 | D:5      | Entered Level 5 of the Dungeon
  2818 | D:5      | Found a glowing golden altar of the Shining One.
  2890 | D:5      | Found a staircase to the Ecumenical Temple.
  2899 | Temple   | Entered the Ecumenical Temple
  2903 | Temple   | Became a worshipper of Cheibriados the Contemplative
  3184 | D:5      | Noticed a sky beast
  3202 | D:5      | Killed a sky beast
  3202 | D:5      | Reached skill level 1 in Slings
  3202 | D:5      | Reached skill level 1 in Stealth
  3202 | D:5      | Reached XP level 6. HP: 26/47 MP: 9/9
  3248 | D:5      | Found Giostret's General Store.
  3287 | D:5      | Bought a potion of heal wounds for 60 gold pieces
  3287 | D:5      | Bought a scroll of teleportation for 36 gold pieces
  3287 | D:5      | Bought a scroll of identify for 24 gold pieces
  3287 | D:5      | Bought a scroll of identify for 24 gold pieces
  3348 | D:5      | Reached skill level 5 in Unarmed Combat
  3964 | D:4      | Reached * piety under Cheibriados
  4007 | D:4      | Gained mutation: You are resistant to electric shocks. (rElec) [potion of beneficial mutation]
  4008 | D:4      | Gained mutation: Your mind is acute. (Int +2) [potion of beneficial mutation]
  4412 | D:4      | Reached ** piety under Cheibriados
  4567 | D:6      | Noticed Edmund
  4573 | D:6      | Reached skill level 6 in Unarmed Combat
  4573 | D:6      | Your scales start taking on a weird mottled colour.
  4573 | D:6      | Reached XP level 7. HP: 24/52 MP: 5/10
  4589 | D:6      | Killed Edmund
  4591 | D:6      | Reached skill level 7 in Unarmed Combat
  4933 | D:7      | Noticed a hippogriff
  4946 | D:7      | Killed a hippogriff
  5196 | D:7      | Reached skill level 8 in Unarmed Combat
  5196 | D:7      | Reached XP level 8. HP: 58/61 MP: 9/11
  5353 | D:7      | Gained mutation: Your muscles are strong. (Str +2) [evolution]
  5373 | D:6      | Found a sparkling altar of Nemelex Xobeh.
  5410 | D:6      | Found Deyniq's General Store.
  5410 | D:6      | Noticed Duvessa
  5410 | D:6      | Noticed Dowan
  5420 | D:6      | Killed Duvessa
  5433 | D:6      | Killed Dowan
  5636 | D:6      | Bought a throwing net for 33 gold pieces
  5636 | D:6      | Bought a potion of curing for 33 gold pieces
  5636 | D:6      | Bought a scroll of identify for 22 gold pieces
  5666 | D:5      | Reached skill level 1 in Invocations
  5676 | D:5      | Reached skill level 9 in Unarmed Combat
  6208 | D:6      | Learned a level 4 spell: Ice Form
  6297 | D:6      | Reached *** piety under Cheibriados
  6689 | D:6      | Found a sacrificial altar of Ru.
  6711 | D:7      | Noticed Menkaure
  6721 | D:7      | Killed Menkaure
  6721 | D:7      | Reached skill level 10 in Unarmed Combat
  6756 | D:7      | Gained mutation: You have an increased reservoir of magic. (+10% MP) [evolution]
  6980 | D:7      | Reached XP level 9. HP: 64/71 MP: 9/13
  6994 | D:7      | Reached skill level 5 in Fighting
  6994 | D:7      | Reached skill level 5 in Transmutations
  7077 | D:7      | Found Heoxitisch's Jewellery Boutique.
  7405 | D:7      | Found an ancient bone altar of Kikubaaqudgha.
  7405 | D:7      | Found a shattered altar of Ashenzari.
  7497 | D:8      | Reached **** piety under Cheibriados
  7661 | D:9      | Found Cazunime's Jewellery Emporium.
  7721 | D:9      | Found a staircase to the Lair.
  7721 | D:9      | Noticed an elephant
  7737 | D:9      | Killed an elephant
  7957 | D:9      | Reached XP level 10. HP: 85/86 MP: 12/14
  7966 | D:9      | Reached skill level 1 in Ice Magic
  8037 | Lair:1   | Entered Level 1 of the Lair of Beasts
  8990 | Lair:1   | Learned a level 5 spell: Blade Hands
  9114 | Lair:1   | Reached skill level 5 in Invocations
  9115 | Lair:1   | HP: 5/109 [komodo dragon (20)]
  9118 | Lair:1   | Slain by a komodo dragon

Vault maps used:
D:1:      minmay_arrival_diagonal_passages
D:2:      lemuel_coloured_pillars_altar, first_bread
D:3:      lemuel_doored_altar, serial_aquarium, aquarium_bridge_square,
          aquarium_window_1, aquarium_window_2, aquarium_window_3,
          aquarium_view_2a, aquarium_view_4, st_stairs_4, uniq_jessica
D:4:      corexii_shantytown
D:5:      nicolae_tso_carved_into_rock, portal_sewer_entry_e, serial_shops,
          nicolae_shop_waterfront
D:6:      nemelex_xobeh_ov_fountains_minmay, serial_shops, shop,
          nicolae_ru_the_path_less_chosen, uniq_edmund, uniq_duvessa
D:7:      amethyst_overflow_temple_binary, serial_shops, kennysheep_mini,
          grunt_livestock, uniq_menkaure
D:9:      chequers_temple_overflow_minitemple, kennysheep_little_box,
          david_lair_generic, kennysheep_orc_monster_closet_entryway,
          serial_shops, nicolae_shop_behind_doors, minivault_14
Temple:   nicolae_temple_x_marks_the_god
Lair:1:   beast_lair_carwin_large_2, grunt_megastairs_1

Skill      XL: |  1  2  3  4  5  6  7  8  9 10 |
---------------+-------------------------------+-----
Dodging        | 2 |  2.8
Unarmed Combat | 4 6 8 10 | 10.0
Transmutations | 3 4 6 8 |  8.7
Throwing       | 1 |  1.0
Slings         | 1 |  1.5
Stealth        | 1 |  1.5
Fighting       | 2 4 7 9 |  9.3
Invocations    | 1 2 5 |  5.1
Ice Magic      | 1 |  1.8
Spellcasting   | |  2.0
Evocations     | |  0.8

Action                   |  1- 3 |  4- 6 |  7- 9 | 10-12 || total
-------------------------+-------+-------+-------+-------++-------
Melee: Unarmed           |   123 |   202 |   196 |    97 ||   618
       Headbutt          |    13 |    20 |    37 |    16 ||    86
       Tailslap          |    13 |    25 |    30 |    20 ||    88
       Punch             |     1 |     3 |    10 |     5 ||    19
 Fire: Hunting sling     |       |    35 |     8 |       ||    43
Throw: Tomahawk          |       |    13 |    29 |    37 ||    79
       Throwing net      |       |       |       |     1 ||     1
 Cast: Beastly Appendage |    27 |    26 |    25 |     7 ||    85
       Ice Form          |       |       |     1 |     2 ||     3
Invok: Bend Time         |       |     1 |     4 |     2 ||     7
       Slouch            |       |       |     1 |     2 ||     3
 Abil: Breathe Sticky Fl |       |       |    11 |     2 ||    13
Evoke: Wand              |       |       |     3 |       ||     3
  Use: Scroll            |       |    17 |       |     2 ||    19
       Potion            |       |     3 |     5 |     2 ||    10
 Stab: Sleeping          |     1 |    10 |     1 |     1 ||    13
       Invisible         |       |       |     3 |       ||     3
  Eat: Chunk             |     2 |    11 |     8 |     2 ||    23
Armor: Skin              |    42 |    54 |    52 |    21 ||   169
Dodge: Dodged            |    75 |   134 |   124 |    71 ||   404
